 Dungeon Crawl Stone Soup version 0.30-a0-1053-gbd8d5ba0ad (webtiles) character file.

Game seed: 15585998474415085162

3130 bmack86 the Cleaver (level 9, 0/79 HPs)
             Began as a Minotaur Fighter on Apr 12, 2023.
             Was a Priest of Okawaru.
             Constricted to death by Maurice (7 damage)
             ... on level 8 of the Dungeon.
             The game lasted 00:18:40 (6018 turns).

bmack86 the Cleaver (Minotaur Fighter)              Turns: 6018, Time: 00:18:41

Health: 0/79       AC: 19    Str: 23    XL:     9   Next: 61%
Magic:  10/11      EV:  8    Int:  8    God:    Okawaru [***...]
Gold:   195        SH: 12    Dex: 16    Spells: 8/8 levels left

rFire   . . .      SeeInvis .    H - +4 war axe (freeze)
rCold   . . .      Faith    .    D - +0 kite shield
rNeg    + . .      Spirit   .    b - +0 scale mail
rPois   +          Reflect  .    (helmet restricted)
rElec   .          Rampage  .    s - +1 cloak
rCorr   .                        B - +2 pair of gloves
Will    .....                    (no boots)
Stlth   ++                       v - amulet of regeneration
HPRegen 1.13/turn                E - ring of the Distant Future {rPois rN+ AC+4 Str-2 Int+3}
MPRegen 0.12/turn                t - +6 ring of dexterity

@: lethally poisoned (0 -> -1), heroic, grasped by roots, constricted
A: horns 2, retaliatory headbutt
a: Renounce Religion, Heroism


You were on level 8 of the Dungeon.
You worshipped Okawaru.
Okawaru was most pleased with you.
You visited 1 branch of the dungeon, and saw 8 of its levels.

You collected 360 gold pieces.
You spent 165 gold pieces at shops.

Inventory:

Hand Weapons
 a - a +1 war axe
 j - a +0 war axe
 H - a +4 war axe of freezing (weapon)
Missiles
 g - 2 javelins
 p - 24 poisoned darts (quivered)
 x - 4 curare-tipped darts
 F - 8 boomerangs
 G - 2 silver boomerangs
Armour
 b - a +0 scale mail (worn)
 s - a +1 cloak (worn)
 B - a +2 pair of gloves (worn)
 D - a +0 kite shield (worn)
Jewellery
 q - a ring of resist corrosion
 t - a +6 ring of dexterity (right hand)
 v - an amulet of regeneration (around neck)
 w - a ring of poison resistance
 y - a ring of wizardry
 E - the ring of the Distant Future (left hand) {rPois rN+ AC+4 Str-2 Int+3}
   (You acquired it on level 7 of the Dungeon)

   [ring of protection]

   AC:        It affects your AC (+4).
   Str:       It affects your strength (-2).
   Int:       It affects your intelligence (+3).
   rPois:     It protects you from poison.
   rN:        It protects you from negative energy.
Wands
 z - a wand of flame (5)
Scrolls
 f - a scroll of summoning
 h - 3 scrolls of magic mapping
 i - 2 scrolls of amnesia
 r - 6 scrolls of teleportation
Potions
 d - 2 potions of might
 e - 2 potions of curing
 k - a potion of haste
 l - a potion of cancellation
 m - 3 potions of brilliance
 n - a potion of attraction
 o - 5 potions of lignification
 u - a potion of invisibility {unknown}
 C - a potion of mutation {unknown}


   Skills:
 + Level 7.2(12.2) Fighting
 * Level 9.2(14.2) Axes
 + Level 4.8(9.8) Throwing
 + Level 7.2(12.2) Armour
 + Level 7.2(12.2) Shields
 + Level 4.3 Invocations


You had 8 spell levels left.
You didn't know any spells.
Your spell library contained the following spells:

 Spells                   Type           Power      Damage    Failure   Level
 Freeze                   Ice            0%         1d3       87%         1
 Sting                    Tmut/Pois      0%         1d3       87%         1
 Poisonous Vapours        Pois/Air       0%         N/A       95%         2
 Frozen Ramparts          Ice            0%         1d1       99%         3
 Hailstorm                Conj/Ice       0%         3d3       99%         3
 Olgreb's Toxic Radiance  Pois           0%         N/A       100%        4


Dungeon Overview and Level Annotations

Branches:
Dungeon (8/15)             Temple (0/1) D:7
   Lair: D:8-11

Altars:
Ashenzari
Dithmenos
Hepliaklqana
Kikubaaqudgha
Okawaru
Ru

Shops:
D:4 [*   D:5 (

Annotations:
D:8 Maurice


Innate Abilities, Weirdness & Mutations

You have a pair of horns on your head.
You reflexively headbutt those who attack you in melee.


Message History

The howler monkey hits you. Maurice hits you but does no damage.
The grasping roots constrict you.
The howler monkey hits you but does no damage.
Maurice hits you but does no damage. The grasping roots constrict you.
The grasping roots release their grip on you.
Unknown command.
You miss Maurice.
Maurice is moderately wounded.
You hit the howler monkey. You freeze the howler monkey.
You feel sick.
The howler monkey hoots and howls with incredible vigour!
Maurice zaps a wand.
The roots erupt in riotous growth!
The grasping roots grab you!
The howler monkey is unaffected.
Maurice is unaffected.
The howler monkey is unaffected.
The grasping roots constrict you. You block the howler monkey's attack.
You hear an angry buzzing noise.
You hear a shout! x2
You hear an angry growl.
You hear a shout! x7
You barely miss Maurice. You headbutt Maurice, but do no damage.
Maurice is moderately wounded.
You slash the howler monkey! You freeze the howler monkey.
You hit the howler monkey. You freeze the howler monkey.
You feel sick. The howler monkey closely misses you.
A howler monkey comes into view.
Maurice hits you with a +2 dagger of protection.
Maurice steals your ring of wizardry!
Maurice puts on a ring of wizardry.
The grasping roots constrict you.
* * * LOW HITPOINT WARNING * * *
The howler monkey hits you but does no damage.
The howler monkey hoots and howls with incredible vigour!
You hear a shout! x2; You hear a croak.
You hear a shout! x3
Your magical effects are unravelling.
You feel magically purged.
You feel yourself speed up.
You feel sick. The howler monkey hits you.
* * * LOW HITPOINT WARNING * * *
Maurice hits you with a +2 dagger of protection!
* * * LOW HITPOINT WARNING * * *
Maurice steals your +1 buckler!
Maurice wears a +1 buckler.
The grasping roots constrict you!
You die...

....#............#...
## #................
#..............## .
#.##............###..
#. #.........##......
##..##.).....##.....h.
#....#..............:.
.##...........$h......
............##@h......
...#.........#@.......
.. #........##.....(..
. ##.......##........
###..<..###.[.##..
#.....# .##. ..
#.....# .# .. .......
.# #.


You could see Maurice (swift) and 3 howler monkeys.

Vanquished Creatures
  Erica (D:8)
  Eustachio (D:6)
  A steam dragon (D:6)
  2 sky beasts (D:6)
  An ice beast (D:6)
  An ogre (D:5)
  2 centaurs
  A phantom (D:3)
  A gnoll sergeant (D:7)
  2 bullfrogs
  2 scorpions
  5 wights (D:7)
  5 killer bees (D:8)
  2 electric eels (D:7)
  6 orc priests
  2 gnoll boudas (D:7)
  A hound (D:5)
  2 jellies
  Crazy Yiuf (D:7)
  Jessica (D:2)
  An iguana (D:6)
  Terence (D:2)
  5 orc wizards
  12 gnolls (D:7)
  3 adders
  2 white imps
  2 worms (D:4)
  11 dart slugs
  19 orcs
  3 ball pythons (D:3)
  9 endoplasms
  2 giant cockroaches
  9 goblins
  4 hobgoblins
  2 jackals (D:1)
  2 quokkas
  A bat (D:3)
  A frilled lizard (D:3)
  7 kobolds
  A rat (D:2)
  2 bushes (D:1)
139 creatures vanquished.

Vanquished Creatures (others)
  4 plants (D:1)
4 creatures vanquished.

Grand Total: 143 creatures vanquished

Notes
Turn   | Place    | Note
-------+----------+-------------------------------------------
     0 | D:1      | bmack86 the Minotaur Fighter began the quest for the Orb.
     0 | D:1      | Reached XP level 1. HP: 19/19 MP: 0/0
   190 | D:1      | Reached XP level 2. HP: 27/27 MP: 1/1
   198 | D:1      | Found a faded altar of an unknown god.
   198 | D:1      | Noticed a golden eye
   202 | D:1      | Noticed a floating eye
   203 | D:1      | Noticed a golden eye
   203 | D:1      | Noticed a golden eye
   469 | D:1      | Reached skill level 3 in Axes
   837 | D:2      | Reached XP level 3. HP: 33/33 MP: 2/2
   960 | D:2      | Noticed Terence
   968 | D:2      | Killed Terence
   969 | D:2      | Reached skill level 1 in Throwing
  1188 | D:2      | Found a broken altar of Ashenzari.
  1188 | D:2      | Noticed Jessica
  1193 | D:2      | Killed Jessica
  1194 | D:2      | Reached XP level 4. HP: 34/40 MP: 3/3
  1646 | D:3      | Reached skill level 4 in Axes
  2038 | D:3      | Noticed a phantom
  2046 | D:3      | Killed a phantom
  2047 | D:3      | Reached XP level 5. HP: 47/47 MP: 4/4
  2130 | D:3      | Found an iron altar of Okawaru.
  2140 | D:3      | Became a worshipper of Warmaster Okawaru
  2386 | D:4      | Found a shadowy altar of Dithmenos.
  2444 | D:4      | Found a hazy altar of Hepliaklqana.
  2789 | D:4      | Found Suech's Antique Armour Emporium.
  2807 | D:4      | Bought a pair of embroidered gloves for 165 gold pieces
  3120 | D:4      | Found Jebing's CLEARANCE SALE!.
  3489 | D:5      | Entered Level 5 of the Dungeon
  3527 | D:5      | Reached XP level 6. HP: 53/53 MP: 5/5
  3606 | D:5      | Reached skill level 5 in Axes
  3606 | D:5      | Reached skill level 1 in Invocations
  3892 | D:5      | Reached skill level 5 in Armour
  3892 | D:5      | Reached skill level 5 in Shields
  4062 | D:5      | Found Iclowika's Firing Range.
  4180 | D:6      | Noticed Eustachio
  4180 | D:6      | Noticed a sky beast
  4188 | D:6      | Killed a sky beast
  4188 | D:6      | Reached * piety under Okawaru
  4189 | D:6      | Reached skill level 5 in Fighting
  4189 | D:6      | Reached XP level 7. HP: 61/61 MP: 5/7
  4192 | D:6      | Killed Eustachio
  4223 | D:6      | Reached skill level 6 in Axes
  4332 | D:6      | Reached ** piety under Okawaru
  4344 | D:6      | Reached XP level 8. HP: 69/69 MP: 8/8
  4427 | D:6      | Found a sacrificial altar of Ru.
  4511 | D:6      | Found an ancient bone altar of Kikubaaqudgha.
  4522 | D:6      | Reached skill level 7 in Axes
  5214 | D:7      | Found a staircase to the Ecumenical Temple.
  5222 | D:7      | Reached skill level 8 in Axes
  5227 | D:7      | Reached XP level 9. HP: 64/78 MP: 8/10
  5860 | D:7      | Found a runed translucent door.
  5861 | D:7      | Noticed Crazy Yiuf
  5867 | D:7      | Killed Crazy Yiuf
  5964 | D:7      | Identified a scroll of acquirement
  5964 | D:7      | Acquired the ring of the Distant Future {rPois rN+ AC+4
                  | Str-2 Int+3}
  5975 | D:8      | Noticed Erica
  5988 | D:8      | Killed Erica
  5988 | D:8      | Reached *** piety under Okawaru
  5989 | D:8      | Reached skill level 9 in Axes
  6003 | D:8      | Noticed Maurice
  6014 | D:8      | Received a gift from Okawaru
  6018 | D:8      | Constricted to death by Maurice

Illustrated notes

Levels and vault maps discovered:
D:1:      lemuel_arrival_rhombus, layout_basic,
          hellmonk_ecumenical_altar_watching_god, serial_forest,
          infiniplex_forest_corner_1, infiniplex_forest_clump_long,
          infiniplex_forest_clump_small, infiniplex_forest_clump_diagonal,
          infiniplex_forest_clump_curved, infiniplex_forest_clump_cross,
          infiniplex_forest_3_way, chequers_arboretum, minmay_misc_feat_alley
D:2:      layout_loops_cross, basic_altar, minmay_tromino_i4, uniq_jessica,
          uniq_terence
D:3:      minmay_skewed_foursquare, layout_rooms,
          mainiacjoe_overflow_tiny_flanked, grunt_decor_junction
D:4:      kennysheep_slugbush, layout_layer_cave,
          mainiacjoe_overflow_cross_hatched, amcnicky_altar_gilded,
          serial_shops, nicolae_shop_hallway_plus, nicolae_shop_clearance
D:5:      layout_basic, nicolae_shop_firing_range
D:6:      layout_loops_corners, nicolae_ru_great_annihilating_truth,
          kiku_gazebo_garden_becter, uniq_eustachio
D:7:      layout_rooms, minmay_temple_entry_slanted, hangedman_decor_riveting,
          dreamdust_wishing_well, minmay_liquid_box, kennysheep_donut,
          hangedman_glass_teeth, uniq_crazy_yiuf_cottage
D:8:      layout_cave_pools, grunt_qazlal_clouds, uniq_maurice, uniq_joseph,
          uniq_erica

Skill      XL: |  1  2  3  4  5  6  7  8  9 |
---------------+----------------------------+-----
Axes           | 3 4 5 6 8 9 |  9.2
Shields        | 4 5 6 7 |  7.2
Fighting       | 4 5 6 7 |  7.2
Throwing       | 1 2 3 4 |  4.8
Armour         | 4 5 6 7 |  7.2
Invocations    | 1 2 3 4 |  4.3

Action                     |  1- 3 |  4- 6 |  7- 9 || total
---------------------------+-------+-------+-------++-------
  Melee: War axe           |   101 |   103 |   149 ||   353
         Headbutt          |    26 |    14 |    28 ||    68
  Throw: Dart              |       |    25 |    21 ||    46
 Invoke: Heroism           |       |       |     5 ||     5
    Use: Potion            |     1 |     2 |     2 ||     5
         Scroll            |       |    15 |     5 ||    20
   Stab: Paralysed         |       |       |     1 ||     1
 Armour: Scale mail        |    20 |    45 |    80 ||   145
  Dodge: Dodged            |    23 |    46 |    57 ||   126
  Block: Buckler           |    10 |    26 |     3 ||    39
         Kite shield       |       |       |   113 ||   113

Table legend: (Time is in decaauts)
 A = Elapsed time spent in this place.
 B = Non-inter-level travel time spent in this place.
 C = Inter-level travel time spent in this place.
 D = Time resting spent in this place.
 E = Time spent auto-exploring this place.
 F = Levels seen in this place.
 G = Mean time per level.
                   A        B        C        D        E       F      G
               +--------+--------+--------+--------+--------+-----+--------+
         Total |   6144 |   5979 |    165 |     88 |   4104 |   8 |  768.0 |
       Dungeon |   6144 |   5979 |    165 |     88 |   4104 |   8 |  768.0 |
               +--------+--------+--------+--------+--------+-----+--------+

Top non-repeatable levels by time:
     D:4: 1266 daAuts
     D:7: 944 daAuts
     D:6: 925 daAuts
     D:1: 859 daAuts
     D:2: 809 daAuts
     D:3: 672 daAuts
     D:5: 600 daAuts
     D:8: 66 daAuts
